 Dungeon Crawl Stone Soup version 0.27.1-34-g3ba077fa99 (webtiles) character file.

Game seed: 364213263608727256

17155 zeram the Basher (level 12, -12/75 HPs)
             Began as a Gargoyle Fighter on Jan 20, 2022.
             Was an Initiate of Gozag.
             Mangled by an enormous slime creature (22 damage)
             ... on level 12 of the Dungeon.
             The game lasted 00:18:18 (13602 turns).

zeram the Basher (Gargoyle Fighter)                Turns: 13602, Time: 00:18:19

Health: -12/75     AC: 33    Str: 28    XL:     12   Next: 45%
Magic:  12/12      EV:  9    Int: 10    God:    Gozag
Gold:   1558       SH: 14    Dex: 15    Spells: 11/11 levels left

rFire    . . .     SeeInvis .   s - +4 morningstar (elec)
rCold    . . .     Faith    .   c - +1 kite shield
rNeg     + . .     Spirit   .   x - +0 plate armour
rPois    ∞         Reflect  .   h - +1 helmet
rElec    +         Harm     .   i - +1 cloak
rCorr    .         Rampage  .   w - +0 pair of gloves
Will     +....                  (no boots)
Stlth    ..........             o - amulet of magic regeneration
HPRegen  0.22/turn              n - +4 ring of protection
MPRegen  0.38/turn              t - ring "Symun" {Will+ Str+4 Dex+6}

@: no status effects
A: sickness immunity, AC +8, negative energy resistance 1, electricity
resistance, torment resistance 1, petrification resistance
a: Renounce Religion, Potion Petition, Call Merchant, Bribe Branch


You were on level 12 of the Dungeon.
You worshipped Gozag.
Gozag was most pleased with you.
You visited 2 branches of the dungeon, and saw 13 of its levels.

You collected 1627 gold pieces.
You paid 69 gold pieces to Gozag.

Inventory:

Hand Weapons
 a - a +2 vorpal flail
 l - a +2 dagger of venom
 s - a +4 morningstar of electrocution (weapon)
Missiles
 d - 5 throwing nets (quivered)
Armour
 b - a +0 scale mail
 c - a +1 kite shield (worn)
 h - a +1 helmet (worn)
 i - a +1 cloak (worn)
 w - a +0 pair of gloves (worn)
 x - a +0 plate armour (worn)
Jewellery
 n - a +4 ring of protection (left hand)
 o - an amulet of magic regeneration (around neck)
 q - a +4 ring of evasion
 t - the ring "Symun" (right hand) {Will+ Str+4 Dex+6}
   (You acquired it on level 7 of the Dungeon)

   [ring of dexterity]

   Str:       It affects your strength (+4).
   Dex:       It affects your dexterity (+6).
   Will:      It increases your willpower.
Wands
 e - a wand of acid (3)
 f - a wand of polymorph (12)
 u - a wand of iceblast (24)
 y - a wand of digging (5)
Scrolls
 j - 4 scrolls of amnesia
 k - 2 scrolls of blinking
 m - 2 scrolls of teleportation
 r - 4 scrolls of magic mapping
 C - a scroll of fog
 D - a scroll of identify
Potions
 g - 2 potions of brilliance
 p - 4 potions of flight
 v - 2 potions of curing
 z - 2 potions of attraction
 A - a potion of degeneration {unknown}
 B - a potion of cancellation {unknown}
 F - a potion of invisibility


   Skills:
 + Level 8.9 Fighting
 + Level 12.8 Maces & Flails
 + Level 0.2 Throwing
 + Level 9.2 Armour
 + Level 4.3 Dodging
 + Level 10.8 Shields
 + Level 0.7 Evocations


You had 11 spell levels left.
You didn't know any spells.
Your spell library contained the following spells:

 Spells                   Type           Power      Damage    Failure   Level
 Blink                    Tloc           N/A        N/A       100%        2
 Corpse Rot               Necr/Air       N/A        N/A       100%        2
 Slow                     Hex            0%         N/A       100%        2
 Call Canine Familiar     Summ           0%         N/A       100%        3
 Confusing Touch          Hex            0%         N/A       100%        3
 Lesser Beckoning         Tloc           0%         N/A       100%        3
 Portal Projectile        Hex/Tloc       0%         N/A       100%        3
 Summon Guardian Golem    Hex/Summ       0%         N/A       100%        3
 Vampiric Draining        Necr           0%         2d6       100%        3
 Dispel Undead            Necr           0%         3d6       100%        4
 Leda's Liquefaction      Hex/Erth       0%         N/A       100%        4
 Manifold Assault         Tloc           0%         N/A       100%        5
 Death Channel            Necr           0%         N/A       100%        6
 Orb of Destruction       Conj           0%         N/A       100%        7
 Spellforged Servitor     Conj/Summ      0%         N/A       100%        7


Dungeon Overview and Level Annotations

Branches:
Dungeon (12/15)            Temple (1/1) D:5            Lair (0/6) D:10
    Orc (0/2) D:11

Altars:
Ashenzari
Cheibriados
Dithmenos
Elyvilon
Fedhas
Gozag
Hepliaklqana
Kikubaaqudgha
Makhleb
Nemelex Xobeh
Okawaru
Qazlal
Ru
Sif Muna
Trog
Uskayaw
Vehumet
Wu Jian
Xom
Yredelemnul
Zin
The Shining One
Beogh

Shops:
D:2 [


Innate Abilities, Weirdness & Mutations

You are immune to sickness and miasma.
Your stone body is resilient. (AC +8)
You are immune to poison.
You resist negative energy. (rN+)
You are resistant to electric shocks. (rElec)
You are resistant to unholy torment.
You are immune to petrification.


Message History

D - a scroll of identify
Found a book of the Hunter.
Found a stone staircase leading down. 3 slime creatures come into view.
The slime creature quivers. x3
There are monsters nearby!
There are monsters nearby!
A slime creature comes into view.
You completely miss the slime creature.
Two slime creatures merge to form a large slime creature.
The slime creature hits you.
You hit the slime creature.
Lightning courses through the slime creature!!
The slime creature is heavily wounded.
You hit the slime creature.
Lightning courses through the slime creature!
The slime creature is severely wounded.
The slime creature hits you but does no damage.
You barely miss the slime creature.
The slime creature is severely wounded.
Two slime creatures merge to form a very large slime creature.
You hit the very large slime creature.
Lightning courses through the very large slime creature!!
The very large slime creature is moderately wounded.
Unknown command.
Two slime creatures merge to form an enormous slime creature.
There is a stone staircase leading up here.
You climb upwards.
There is a stone staircase leading down here.
Done exploring.
Done exploring.
Done exploring.
(D) Dungeon (T) Temple (L) Lair (O) Orcish Mines
Where to? (Enter - D:12, ? - help)
You climb downwards.
The enormous slime creature hits you!!!
Ouch! That really hurt!
* * * LOW HITPOINT WARNING * * *
The enormous slime creature hits you!!
You die...
Your body crumbles into a pile of gold.

#....[.....# ..
#..........# ..
###.......#.## .# .
##............## .# ..
##..............## .##..
#............>...# .#...
#................##...#:
#...........<...........
#......@............####
#......J.........##...#
#................# ##.#
##..............## ..#
##.....##.....## .#
############.# # #.# #.#
#.#


You could see an enormous slime creature.

Vanquished Creatures
  Gastronok (D:8)
  Snorg (D:11)
  Josephine (D:11)
  A boulder beetle (D:11)
  Harold (D:8)
  A centaur warrior (D:11)
  4 two-headed ogres
  Pikel (D:8)
  Maurice (D:8)
  A cyclops (D:8)
  An unseen horror (D:10)
  A hornet (D:11)
  4 trolls
  3 yaks (D:10)
  3 wraiths (D:11)
  2 steam dragons
  A vampire (D:10)
  3 vampire mosquitoes (D:10)
  An acid dragon (D:11)
  3 water moccasins
  A sky beast (D:5)
  A hornet zombie (D:8)
  2 ice beasts
  3 orc warriors
  A black bear (D:10)
  2 ogres
  A centaur (D:10)
  A phantom (D:6)
  Blork the orc (D:4)
  2 kobold brigands (D:8)
  A scorpion (D:10)
  A wyvern zombie (D:7)
  8 bullfrogs
  A gnoll sergeant (D:9)
  A wyvern skeleton (D:7)
  2 water moccasin skeletons
  5 killer bees (D:11)
  4 wights
  A howler monkey (D:5)
  A centaur skeleton (D:5)
  5 centaur zombies
  6 orc priests
  4 iguanas
  Natasha (D:4)
  12 orc wizards
  A hound skeleton (D:4)
  A howler monkey zombie (D:7)
  Robin (D:4)
  14 gnolls
  8 adders
  A shadow imp (D:5)
  2 white imps
  3 ufetubi
  4 worms
  2 dart slugs
  36 orcs
  8 endoplasms
  2 giant cockroaches
  10 goblins
  15 hobgoblins
  2 jackals (D:4)
  21 kobolds
  4 quokkas
  7 ball pythons
  4 bats
  4 frilled lizards
  3 rats
256 creatures vanquished.

Vanquished Creatures (others)
  An orc (D:8)
  11 fungi (D:10)
  23 plants (D:10)
35 creatures vanquished.

Grand Total: 291 creatures vanquished

Notes
Turn   | Place    | Note
-------+----------+-------------------------------------------
     0 | D:1      | zeram the Gargoyle Fighter began the quest for the Orb.
     0 | D:1      | Reached XP level 1. HP: 14/14 MP: 1/1
   287 | D:1      | Reached XP level 2. HP: 19/19 MP: 2/2
   861 | D:2      | Found a faded altar of an unknown god.
   865 | D:2      | Found Ynautyul's Antique Armour Shoppe.
   880 | D:2      | Reached XP level 3. HP: 14/24 MP: 3/3
   912 | D:2      | HP: 1/36 [gnoll (3)]
   920 | D:2      | Reached XP level 4. HP: 1/29 MP: 4/4
  2785 | D:3      | Reached skill level 3 in Maces & Flails
  2785 | D:3      | Reached XP level 5. HP: 30/33 MP: 5/5
  3240 | D:3      | Reached skill level 1 in Dodging
  3393 | D:4      | Noticed Robin
  3410 | D:4      | Killed Robin
  3444 | D:4      | Reached XP level 6. HP: 30/38 MP: 6/6
  3766 | D:4      | Reached skill level 4 in Maces & Flails
  3879 | D:4      | Noticed Blork the orc
  3891 | D:4      | Killed Blork the orc
  4038 | D:4      | Noticed Natasha
  4051 | D:4      | Killed Natasha
  4256 | D:4      | Reached XP level 7. HP: 14/43 MP: 7/7
  4620 | D:5      | Entered Level 5 of the Dungeon
  4916 | D:5      | Reached skill level 5 in Maces & Flails
  4916 | D:5      | Reached skill level 5 in Shields
  5052 | D:5      | Reached skill level 5 in Armour
  5183 | D:5      | Reached XP level 8. HP: 48/48 MP: 8/8
  5397 | D:5      | Found a staircase to the Ecumenical Temple.
  5417 | D:5      | Reached skill level 6 in Maces & Flails
  5683 | Temple   | Entered the Ecumenical Temple
  5751 | Temple   | Became a worshipper of Gozag Ym Sagoz the Greedy
  6148 | D:6      | Reached skill level 5 in Fighting
  7828 | D:7      | Identified a scroll of acquirement
  7829 | D:7      | Acquired the ring "Symun" {Will+ Str+4 Dex+6}
  7913 | D:8      | Reached XP level 9. HP: 52/54 MP: 9/9
  8002 | D:8      | Noticed Harold
  8016 | D:8      | Killed Harold
  8017 | D:8      | Reached skill level 7 in Maces & Flails
  8304 | D:8      | Noticed a cyclops
  8319 | D:8      | Killed a cyclops
  8320 | D:8      | Reached skill level 8 in Maces & Flails
  8533 | D:8      | Noticed Gastronok
  8834 | D:8      | Noticed Maurice
  8857 | D:8      | Killed Maurice
  8858 | D:8      | Reached XP level 10. HP: 22/61 MP: 10/10
  9196 | D:8      | Reached skill level 9 in Maces & Flails
  9204 | D:8      | Killed Gastronok
  9677 | D:8      | Noticed Pikel
  9683 | D:8      | Killed Pikel
  9684 | D:8      | Reached skill level 10 in Maces & Flails
  9849 | D:9      | Noticed a two-headed ogre
  9858 | D:9      | Killed a two-headed ogre
  9863 | D:9      | Reached XP level 11. HP: 46/67 MP: 11/11
 10016 | D:9      | Noticed a two-headed ogre
 10030 | D:9      | Killed a two-headed ogre
 10420 | D:9      | Reached skill level 11 in Maces & Flails
 10537 | D:9      | Found a snail-covered altar of Cheibriados.
 10650 | D:10     | Entered Level 10 of the Dungeon
 11238 | D:10     | Noticed a two-headed ogre
 11242 | D:10     | Killed a two-headed ogre
 11342 | D:10     | Found a staircase to the Lair.
 11459 | D:10     | Reached skill level 10 in Shields
 11542 | D:10     | Noticed a two-headed ogre
 11546 | D:10     | Killed a two-headed ogre
 11845 | D:11     | Noticed a boulder beetle
 11896 | D:11     | Killed a boulder beetle
 11897 | D:11     | Reached skill level 12 in Maces & Flails
 12084 | D:11     | Noticed Josephine
 12101 | D:11     | Killed Josephine
 12102 | D:11     | Reached XP level 12. HP: 48/75 MP: 12/12
 12482 | D:11     | Noticed a centaur warrior
 12502 | D:11     | Killed a centaur warrior
 12591 | D:11     | Noticed Snorg
 12606 | D:11     | Killed Snorg
 12885 | D:11     | Found a staircase to the Orcish Mines.
 13468 | D:11     | Found a glowing silver altar of Zin.
 13602 | D:12     | Mangled by an enormous slime creature

Illustrated notes

Levels and vault maps discovered:
D:1:      amcnicky_arrival_blooded_trapdoor, layout_loops_ring, st_stairs_11
D:2:      layout_loops_ring, serial_rivers, chequers_serial_rivers_large_b,
          chequers_serial_rivers_room_b, chequers_serial_rivers_marsh,
          chequers_serial_rivers_small_b, chequers_serial_rivers_small_b,
          basic_ecumenical_altar, serial_shops, shop_statue
D:3:      layout_basic, kennysheep_generic_room_5
D:4:      layout_basic, uniq_robin, uniq_blork_the_orc, uniq_natasha
D:5:      layout_loops_ring, minmay_temple_entry_junction
D:6:      layout_gridville
D:7:      layout_cave_pods
D:8:      layout_loops_ring, roderic_lattice_a, uniq_maurice, uniq_harold,
          uniq_pikel, uniq_gastronok
D:9:      layout_rooms, lemuel_tele_altar
D:10:     layout_basic, due_lair_maze_entry_diamond
D:11:     layout_long_grid, minmay_orc_entry_temple_small, zin_treasury,
          uniq_josephine, uniq_snorg
D:12:     layout_rooms, ebering_ghost_disaster_area, uniq_frances
Temple:   dpeg_three_leaves_temple

Skill      XL: |  1  2  3  4  5  6  7  8  9 10 11 12 |
---------------+-------------------------------------+-----
Shields        | 4 5 6 7 9 10 | 10.8
Maces & Flails | 3 4 5 6 8 10 12 | 12.8
Armour         | 4 5 6 7 8 9 |  9.2
Dodging        | 1 2 3 4 |  4.3
Fighting       | 4 5 6 7 8 |  8.9
Throwing       | |  0.2
Evocations     | |  0.7

Action                   |  1- 3 |  4- 6 |  7- 9 | 10-12 || total
-------------------------+-------+-------+-------+-------++-------
Melee: Flail             |    81 |   220 |   365 |    15 ||   681
       Morningstar       |       |       |       |   366 ||   366
Throw: Throwing net      |       |       |     1 |       ||     1
Evoke: Wand              |       |       |       |     3 ||     3
  Use: Scroll            |     6 |     4 |    14 |     7 ||    31
       Potion            |     3 |     2 |     6 |     1 ||    12
 Stab: Distracted        |       |       |       |     2 ||     2
Armor: Scale mail        |    41 |   151 |   193 |    22 ||   407
       Skin              |    16 |       |       |       ||    16
       Plate armour      |       |       |       |   229 ||   229
Dodge: Dodged            |    20 |    98 |   133 |   119 ||   370
Block: Kite shield       |    69 |   140 |   252 |   278 ||   739
